 Dungeon Crawl Stone Soup version 0.29-a0-284-gf9362112df (webtiles) character file.

Game seed: 3179384110322826754

14445 sammy202020 the Fighter (level 11, -4/144 HPs)
             Began as a Palentonga Berserker on Mar 23, 2022.
             Was a High Priest of Trog.
             Killed from afar by Azrael (41 damage)
             ... with damnation
             ... on level 1 of the Snake Pit.
             The game lasted 00:22:57 (13550 turns).

sammy202020 the Fighter (Palentonga Berserker)     Turns: 13550, Time: 00:22:57

Health: -4/144     AC: 33    Str: 20    XL:     11   Next: 88%
Magic:  11/11      EV:  4    Int: 11    God:    Trog [*****.]
Gold:   722        SH: 16    Dex: 11    Spells: 10/10 levels left

rFire   . . .      SeeInvis +   w - +0 war axe (venom)
rCold   + . .      Faith    .   r - +2 kite shield
rNeg    . . .      Spirit   .   C - +3 chain mail {rPois}
rPois   +          Reflect  +   j - +2 helmet {SInv}
rElec   .          Harm     .   v - +1 cloak {rPois}
rCorr   .          Rampage  .   q - +1 pair of gloves
Will    ++...                   l - +0 barding
Stlth   ..........              b - amulet of reflection
HPRegen 1.34/turn               x - ring of protection from cold
MPRegen 0.12/turn               (no ring)

@: berserking, strong-willed, regenerating, curled up, very quick
A: large, rugged brown scales 3, see invisible, deformed body, roll 1, armoured
tail, reflexive curl
a: Rolling Charge, Renounce Religion, Berserk, Trog's Hand, Brothers in Arms


You were on level 1 of the Snake Pit.
You worshipped Trog.
Trog was extremely pleased with you.
You visited 3 branches of the dungeon, and saw 12 of its levels.
You also visited: Bailey.

You collected 722 gold pieces.

Inventory:

Hand Weapons
 a - a +0 hand axe
 c - a +1 demon whip of venom
 o - a +0 flail
 w - a +0 war axe of venom (weapon)
Armour
 j - a +2 helmet of see invisible (worn)
 l - a +0 barding (worn)
 q - a +1 pair of gloves (worn)
 r - a +2 kite shield (worn)
 v - a +1 cloak of poison resistance (worn)
 C - a +3 chain mail of poison resistance (worn)
Jewellery
 b - an amulet of reflection (around neck)
 x - a ring of protection from cold (left hand)
 A - a ring of protection from cold
 F - a +6 ring of dexterity
Wands
 s - a wand of flame (53)
 t - a wand of paralysis (6)
 z - a wand of polymorph (8)
 D - a wand of iceblast (8)
 E - a wand of digging (6)
 H - a wand of acid (3)
Scrolls
 h - 4 scrolls of teleportation
 y - a scroll of enchant weapon {unknown}
 I - a scroll of magic mapping
Potions
 d - 5 potions of resistance
 e - a potion of brilliance {unknown}
 f - 2 potions of cancellation
 g - 2 potions of flight
 i - 2 potions of might {unknown}
 k - 4 potions of curing
 m - 3 potions of mutation {unknown}
 n - 4 potions of attraction
 p - 2 potions of haste {unknown}
 u - 6 potions of heal wounds {unknown}
 G - a potion of ambrosia {unknown}
Miscellaneous
 B - a box of beasts


   Skills:
 * Level 10.0 Fighting
 * Level 10.0 Axes
 * Level 8.1 Armour
 - Level 5.5 Dodging
 * Level 6.1 Shields
 + Level 3.3 Evocations


You had 10 spell levels left.
You didn't know any spells.
Your spell library was empty.

Dungeon Overview and Level Annotations

Branches:
Dungeon (8/15)             Temple (0/1) D:7            Lair (3/6) D:8
  Snake (1/4) Lair:3       Bailey (visited)
  Swamp: Lair:2-4    Shoals: Lair:2-4

Altars:
Makhleb

Shops:
D:3 *   D:5 [   D:8 ?

Annotations:
Snake:1 Azrael


Innate Abilities, Weirdness & Mutations

You are completely covered in rugged brown scales. (AC +3, +7% HP)
You have supernaturally acute eyesight. (SInv)
Armour fits poorly on your strangely shaped body.
You can roll at nearby foes to attack.
You have a long armoured tail.
You curl defensively after being hit. (AC +7*)


Message History

The sticky flame reflects off an invisible shield around you!
The sticky flame hits Azrael.
Azrael completely resists.
Azrael is covered in liquid flames!
Azrael hits you but does no damage.
Your skin crawls.
You feel strong-willed. You block Azrael's attack.
You hit Azrael.
Azrael is lightly wounded.
Azrael barely misses you.
You slash Azrael!
Azrael is moderately wounded.
You block Azrael's attack.
You hit Azrael.
Azrael is moderately wounded.
Azrael stops burning.
Azrael gestures at you.
The fireball explodes!
The fireball engulfs you!!!
The fireball engulfs Azrael.
Azrael completely resists.
You hear a bark!
You hear a shout!
You hear an angry hiss.
You hear a shout! x2
A red film seems to cover your vision as you go berserk!
You feel yourself moving faster!
You feel mighty! You block Azrael's attack.
You barely miss Azrael.
Azrael is moderately wounded.
You block Azrael's attack.
You hit Azrael.
Azrael is moderately wounded.
Azrael gestures at you.
The sphere of damnation explodes!
The damnation engulfs you!!
* * * LOW HITPOINT WARNING * * *
The damnation engulfs Azrael.
Azrael completely resists.
You hear a shout!
You slash Azrael!
Azrael is poisoned.
Azrael is heavily wounded.
You barely miss Azrael.
Azrael is heavily wounded.
Azrael's eyes look fiery.
Azrael gestures at you.
The sphere of damnation explodes!
The damnation engulfs you!!!
You die...

##.# ###. ##..#
#.... #.<##.../..
# #.## .....$
.##.####.# #......
.........# .......
.........##.......
#........R...#
#.......#@#○○#
≈......##.##○#
≈...... #.# #.#
##..... #.# #°#
#..... #.# ..#
..... #.. .# #.. .
... ....


You could see Azrael (very poisoned).

Vanquished Creatures
  Amaemon (D:8)
  Pikel (D:4)
  2 black mambas
  An orange demon (D:8)
  A cane toad (Lair:3)
  A gargoyle (Bailey)
  A rime drake (Lair:1)
  A komodo dragon (Lair:1)
  A vampire (Bailey)
  The ghost of sokol815 the Chopper, an amateur DsMo of Jiyva (D:4)
  24 yaks
  A wyvern (D:4)
  2 steam dragons (D:8)
  3 basilisks (Lair:1)
  6 nagas (Lair:3)
  A hell hound (Snake:1)
  9 water moccasins
  A swamp drake (Lair:2)
  An orc warrior (D:6)
  2 sky beasts
  An ice beast (D:6)
  5 ogres
  4 black bears
  3 centaurs
  6 wolves (Lair:3)
  2 kobold brigands
  7 bullfrogs
  2 necrophages
  A scorpion (D:7)
  A gnoll sergeant (D:5)
  11 wights
  3 killer bees (D:7)
  8 vampire bats (Bailey)
  7 wolf zombies (Bailey)
  6 hounds
  Crazy Yiuf (D:7)
  4 orc priests
  3 iguanas
  A bullfrog skeleton (D:4)
  2 gnoll shamans (D:7)
  10 orc wizards
  Robin (D:3)
  A howler monkey skeleton (D:4)
  9 adders
  10 gnolls
  A shadow imp (D:4)
  2 ufetubi (D:5)
  3 dart slugs
  27 orcs
  4 bats
  5 endoplasms
  2 giant cockroaches
  13 goblins
  17 hobgoblins
  8 jackals
  13 kobolds
  3 quokkas
  10 ball pythons
  2 frilled lizards (D:3)
  17 orc zombies (Bailey)
  5 rats
302 creatures vanquished.

Vanquished Creatures (others)
  An orc (D:4)
  7 fungi
  11 plants
19 creatures vanquished.

Grand Total: 321 creatures vanquished

Notes
Turn   | Place    | Note
-------+----------+-------------------------------------------
     0 | D:1      | sammy202020 the Palentonga Berserker began the quest for
                  | the Orb.
     0 | D:1      | Reached XP level 1. HP: 19/19 MP: 1/1
   163 | D:1      | Reached XP level 2. HP: 14/25 MP: 2/2
   434 | D:1      | Found a faded altar of an unknown god.
   931 | D:2      | Reached XP level 3. HP: 31/31 MP: 3/3
   961 | D:2      | Reached ** piety under Trog
   999 | D:2      | Found a burning altar of Makhleb.
  1124 | D:2      | Reached XP level 4. HP: 30/39 MP: 4/4
  2018 | D:3      | Noticed a sky beast
  2029 | D:3      | Killed a sky beast
  2030 | D:3      | Reached XP level 5. HP: 44/44 MP: 5/5
  2099 | D:3      | Noticed Robin
  2130 | D:3      | Killed Robin
  2299 | D:3      | Found Pomny's Assorted Antiques.
  3071 | D:4      | Reached XP level 6. HP: 52/52 MP: 6/6
  3184 | D:4      | Noticed Pikel
  3221 | D:4      | Killed Pikel
  3222 | D:4      | Reached skill level 5 in Fighting
  3222 | D:4      | Reached skill level 5 in Axes
  3222 | D:4      | Gained mutation: You curl defensively after being hit. (AC
                  | +7*) [Palentonga growth]
  3222 | D:4      | Reached XP level 7. HP: 28/59 MP: 7/7
  3621 | D:4      | Noticed a wyvern
  3635 | D:4      | Killed a wyvern
  3812 | D:4      | Reached XP level 8. HP: 55/68 MP: 8/8
  3822 | D:4      | Found a transporter.
  4249 | D:4      | Reached *** piety under Trog
  4386 | D:4      | Found a transporter.
  4391 | D:4      | Noticed sokol815's ghost (amateur DsMo)
  5039 | D:4      | Killed sokol815's ghost
  5114 | D:5      | Entered Level 5 of the Dungeon
  5152 | D:5      | Reached skill level 5 in Armour
  5807 | D:5      | Found Boiferoq's Armour Boutique.
  6517 | D:6      | Reached skill level 1 in Shields
  6565 | D:6      | Reached XP level 9. HP: 54/75 MP: 9/9
  7908 | D:7      | Found a runed translucent door.
  7909 | D:7      | Noticed Crazy Yiuf
  7938 | D:7      | Found a staircase to the Ecumenical Temple.
  8015 | D:7      | Reached **** piety under Trog
  8388 | D:7      | Found a flagged portal.
  8397 | Bailey   | Entered a bailey
  8484 | Bailey   | Noticed a gargoyle
  8493 | Bailey   | Killed a gargoyle
  8555 | Bailey   | Reached XP level 10. HP: 41/85 MP: 10/10
  8566 | Bailey   | Identified the +0 leather armour of Xyopt {Drain rElec
                  | Stlth+}
  9017 | Bailey   | Reached ***** piety under Trog
  9714 | D:7      | Killed Crazy Yiuf
  9839 | D:8      | Noticed an orange demon
  9840 | D:8      | Noticed Amaemon
  9867 | D:8      | Killed Amaemon
  9869 | D:8      | Killed an orange demon
  9870 | D:8      | Reached skill level 1 in Evocations
 10185 | D:8      | Reached skill level 5 in Dodging
 10607 | D:8      | Found a staircase to the Lair.
 10666 | D:8      | Reached XP level 11. HP: 95/95 MP: 11/11
 10681 | D:8      | Reached skill level 5 in Shields
 10724 | D:8      | Found Loabol Olom's Magic Scroll Boutique.
 10820 | Lair:1   | Entered Level 1 of the Lair of Beasts
 13269 | Lair:3   | Found a staircase to the Snake Pit.
 13301 | Lair:3   | Reached skill level 10 in Fighting
 13301 | Lair:3   | Reached skill level 10 in Axes
 13471 | Snake:1  | Entered Level 1 of the Snake Pit
 13526 | Snake:1  | Noticed Azrael
 13550 | Snake:1  | Killed from afar by Azrael

Illustrated notes

Levels and vault maps discovered:
D:1:      dpeg_chamrin_arrival_tetris, layout_rooms,
          shapermc_ecumenical_altar_mp_urbaneastern, st_stairs_14,
          lemuel_another_geyser
D:2:      layout_basic, basic_altar
D:3:      layout_loops_ring, serial_shops, shop, uniq_robin
D:4:      layout_basic, gammafunk_ghost_mausoleum, minmay_crystal_water,
          uniq_pikel
D:5:      layout_gridville, nicolae_take_the_stairs, minmay_door_square
D:6:      layout_loops_ring
D:7:      kennysheep_housing_project, layout_basic,
          minmay_temple_entry_large_hall, enter_bailey_2,
          uniq_crazy_yiuf_cottage
D:8:      layout_loops_ring, serial_shops, kennysheep_mini_moat, uniq_amaemon
Lair:1:   layout_chaotic_city, serial_forest, infiniplex_forest_zigzag_1,
          infiniplex_forest_3_way, infiniplex_forest_straight_4,
          infiniplex_forest_end_2, infiniplex_forest_lined_2,
          infiniplex_forest_end_2
Lair:2:   layout_regular_city, grunt_forest_stairs_basic, hibernation_bobbens
Lair:3:   layout_big_grid, minmay_swamp_entry_wisps,
          minmay_snake_entry_guardpost_large, basic_altar, minivault_25,
          roderic_batcave, grunt_megastairs_3, infiniplex_staircase_pool_2
Snake:1:  layout_chambers, serial_shops, shop, serial_bayou_pond_b,
          nicolae_snake_ghostly_warrior_ritual, uniq_louise, uniq_azrael

Skill      XL: |  1  2  3  4  5  6  7  8  9 10 11 |
---------------+----------------------------------+-----
Armour         | 2 3 4 5 6 7 8 |  8.1
Dodging        | 2 3 4 5 |  5.5
Fighting       | 4 5 6 8 9 10 | 10.0
Axes           | 4 5 6 8 9 10 | 10.0
Shields        | 1 3 4 6 |  6.1
Evocations     | 1 3 |  3.3

Action                   |  1- 3 |  4- 6 |  7- 9 | 10-12 || total
-------------------------+-------+-------+-------+-------++-------
Melee: Hand axe          |   100 |   168 |   346 |       ||   614
       Tailslap          |    10 |    28 |    70 |    94 ||   202
       War axe           |       |       |   102 |   422 ||   524
Invok: Trog's Hand       |     1 |     2 |     4 |     3 ||    10
       Berserk           |     1 |     1 |     9 |     2 ||    13
 Abil: Rolling Charge    |     3 |       |       |       ||     3
  Use: Scroll            |       |     5 |     2 |     9 ||    16
       Potion            |       |       |     1 |       ||     1
Armor: Ring mail         |    67 |    76 |   110 |       ||   253
       Animal skin       |     1 |       |       |       ||     1
       Chain mail        |       |       |   168 |   314 ||   482
Dodge: Dodged            |    49 |    55 |    93 |    74 ||   271
Block: Other             |       |    26 |    41 |       ||    67
       Kite shield       |       |       |   259 |   449 ||   708
       Reflection        |       |       |     9 |    10 ||    19

Table legend: (Time is in decaauts)
 A = Elapsed time spent in this place.
 B = Non-inter-level travel time spent in this place.
 C = Inter-level travel time spent in this place.
 D = Time resting spent in this place.
 E = Time spent auto-exploring this place.
 F = Levels seen in this place.
 G = Mean time per level.
                   A        B        C        D        E       F      G
               +--------+--------+--------+--------+--------+-----+--------+
         Total |  13808 |  13514 |    294 |    953 |   9765 |  13 | 1062.2 |
       Dungeon |  10176 |   9964 |    212 |    522 |   7443 |   8 | 1272.0 |
          Lair |   2680 |   2598 |     82 |    139 |   2010 |   3 |  893.3 |
     Snake Pit |     79 |     79 |      0 |      0 |     52 |   1 |   79.0 |
        Bailey |    871 |    871 |      0 |    292 |    260 |   1 |  871.0 |
               +--------+--------+--------+--------+--------+-----+--------+

Top non-repeatable levels by time:
     D:4: 2087 daAuts
     D:5: 1319 daAuts
     D:6: 1295 daAuts
     D:7: 1276 daAuts
  Lair:1: 1251 daAuts
     D:3: 1159 daAuts
     D:8: 1098 daAuts
     D:2: 1039 daAuts
  Lair:2: 947 daAuts
     D:1: 900 daAuts
  Bailey: 871 daAuts
  Lair:3: 482 daAuts
 Snake:1: 79 daAuts
